 Dungeon Crawl Stone Soup version 0.18.1-47-g9310371 (console) character file.

322 Kloppie the Covered (level 6, -1/49 HPs)
             Began as a Human Fighter on June 20, 2016.
             Slain by a hound (3 damage)
             ... on level 5 of the Dungeon.
             The game lasted 00:04:58 (3854 turns).

Kloppie the Covered (Human Fighter)                 Turns: 3854, Time: 00:04:58

Health: -1/49      AC:  8    Str: 17    XL:     6   Next: 76%
Magic:  6/6        EV:  7    Int:  8    God:
Gold:   243        SH:  9    Dex: 14    Spells: 0 memorised, 5 levels left

rFire  . . .     SeeInvis .     a - +0 flail
rCold  + . .     Gourm    .     b - +0 scale mail
rNeg   . . .     Faith    .     c - +0 shield
rPois  .         Spirit   .     (no helmet)
rElec  .         Dismiss  .     (no cloak)
rCorr  .         Reflect  .     (no gloves)
SustAt .         Harm     .     n - +0 pair of boots
MR     .....                    (no amulet)
Stlth  ..........               (no ring)
                                p - ring of protection from cold

@: drained, not resistant to hostile enchantments, extremely unstealthy
A: no striking features
a: no special abilities


You were on level 5 of the Dungeon.
You were hungry.

You visited 1 branch of the dungeon, and saw 5 of its levels.

You collected 243 gold pieces.

Inventory:

Hand Weapons
 a - a +0 flail (weapon)
Armour
 b - a +0 scale mail (worn)
 c - a +0 shield (worn)
 n - a +0 pair of boots (worn)
Jewellery
 h - an uncursed ring of fire
 m - an uncursed ring of fire
 p - a ring of protection from cold (left hand)
Scrolls
 e - a scroll of random uselessness {unknown}
 g - 4 scrolls of remove curse {unknown}
 j - a scroll of teleportation {unknown}
 k - 2 scrolls of recharging {unknown}
 l - 3 scrolls of identify {unknown}
 q - a scroll of magic mapping {unknown}
 r - a scroll of immolation {unknown}
Potions
 d - a potion of degeneration {unknown}
 i - 2 potions of curing {unknown}
 s - a potion of lignification {unknown}
Comestibles
 f - 4 bread rations
 o - a slice of pizza


   Skills:
 + Level 4.4(4.1) Fighting
 + Level 4.1(3.8) Maces & Flails
 + Level 4.6(4.3) Armour
 - Level 3.5(3.2) Shields


You had 5 spell levels left.
You didn't know any spells.

Dungeon Overview and Level Annotations

Branches:
Dungeon (5/15)
 Temple: D:4-7

Altars:
Dithmenos
Elyvilon
Nemelex Xobeh
Pakellas

Annotations:
D:2 Sigmund
D:4 Natasha


Message History

The hound is almost dead.
An orc wizard appears from thin air!
Reactivating autopickup.
The hound bites you.
* * * LOW HITPOINT WARNING * * *
You block the orc's attack. You block the hound's attack.
The iron imp disappears in a puff of smoke!
The crimson imp disappears in a puff of smoke!
You block the hound's attack. The hound bites you but does no damage.
You climb downwards.
There is a stone staircase leading up here.
You sock the orc wizard!
The orc wizard is heavily wounded.
The hound bites you.
* * * LOW HITPOINT WARNING * * *
The orc wizard gestures at you while chanting.
The puff of flame hits you!
* * * LOW HITPOINT WARNING * * *
The hound bites you.
You die... ############## #....h@o...... ##.###########

You could see a hound and an orc wizard.

Vanquished Creatures
  Menkaure (D:4)
  The ghost of Alannah the Stinger, a weakling DsVM (D:3)
  An orc wizard (D:4)
  4 adders
  4 worms
  An adder skeleton (D:4)
  2 giant geckos (D:1)
  6 orcs
  6 bats
  4 giant cockroaches
  10 goblins
  7 hobgoblins
  17 jackals
  2 kobolds (D:2)
  A quokka (D:3)
  3 ball pythons
  2 giant newts (D:1)
  7 rats
79 creatures vanquished.

Notes
Turn   | Place    | Note
--------------------------------------------------------------
     0 | D:1      | Kloppie the Human Fighter began the quest for the Orb.
     0 | D:1      | Reached XP level 1. HP: 18/18 MP: 1/1
    41 | D:1      | Reached XP level 2. HP: 17/24 MP: 2/2
   261 | D:1      | Reached XP level 3. HP: 18/29 MP: 3/3
  1191 | D:2      | Reached XP level 4. HP: 16/35 MP: 4/4
  2232 | D:2      | Noticed Sigmund
  2334 | D:3      | Found a sparkling altar of Nemelex Xobeh.
  2361 | D:3      | Found an oddly glowing altar of Pakellas.
  2419 | D:3      | Reached XP level 5. HP: 37/41 MP: 5/5
  2591 | D:3      | Noticed Alannah's ghost (weakling DsVM)
  2617 | D:3      | Killed Alannah's ghost
  3108 | D:3      | Found a shadowy altar of Dithmenos.
  3228 | D:3      | Found a faded altar to an unknown god.
  3479 | D:4      | Found a white marble altar of Elyvilon.
  3549 | D:4      | Noticed Menkaure
  3564 | D:4      | Killed Menkaure
  3564 | D:4      | Reached XP level 6. HP: 13/48 MP: 6/6
  3826 | D:4      | Noticed Natasha
  3853 | D:5      | Entered Level 5 of the Dungeon
  3854 | D:5      | HP: 2/49 [orc wizard/puff of flame (10)]
  3854 | D:5      | Slain by a hound

Skill      XL: |  1  2  3  4  5 |
---------------+----------------+-----
Maces & Flails | 4 |  4.1
Armour         | 4 |  4.6
Fighting       | 4 |  4.4
Shields        | |  3.5

Action                   |  1- 3 |  4- 6 || total
-------------------------+-------+-------++-------
Melee: Flail             |   153 |   212 ||   365
  Use: Potion            |     1 |       ||     1
  Eat: Chunk             |     1 |     4 ||     5
       Bread ration      |       |     1 ||     1
Armor: Scale mail        |    69 |   119 ||   188
Dodge: Dodged            |    37 |    71 ||   108
Block: Shield            |    74 |   128 ||   202
